 Seeded DCSS version 0.30.0-13-g156ef70053 (webtiles) character file.

Game seed: 5 (custom seed)

65 Kazon the Sneak (level 4, -1/29 HPs)
             Began as an Octopode Brigand on May 17, 2023.
             Succumbed to an adder's poison
             ... on level 2 of the Dungeon.
             The game lasted 00:04:46 (1006 turns).

Kazon the Sneak (Octopode Brigand)                  Turns: 1006, Time: 00:04:46

Health: -1/29      AC:  1    Str: 12    XL:     4   Next: 14%
Magic:  4/4        EV:  7    Int: 13    God:
Gold:   78         SH: 10    Dex: 13    Spells: 3/3 levels left

rFire   . . .        a - +2 dagger
rCold   . . .        c - +0 tower shield
rNeg    . . .        (helmet restricted)
rPois   .            (no amulet)
rElec   .            (no ring)
rCorr   .            (no ring)
SInv    .            (no ring)
Will    .....        (no ring)
Stlth   ++++         (no ring)
HPRegen 0.24/turn    (no ring)
MPRegen 0.09/turn    (no ring)
                     (no ring)

%: no passive effects
@: lethally poisoned (-1 -> -3), studying Stealth
A: almost no armour, amphibious, 8 rings, camouflage 1, gelatinous body 1,
(nimble swimmer 1), tentacles
a: no special abilities


You were on level 2 of the Dungeon.
You visited 1 branch of the dungeon, and saw 2 of its levels.

You collected 78 gold pieces.

Inventory:

Hand Weapons
 a - a +2 dagger (weapon)
Missiles
 b - 8 poisoned darts (quivered)
 d - 3 curare-tipped darts
 f - 2 stones
 k - 3 boomerangs
Armour
 c - a +0 tower shield (worn)
Scrolls
 h - a scroll of fog {unknown}
 j - a scroll of vulnerability {unknown}
Potions
 e - a potion of resistance {unknown}
 g - a potion of magic {unknown}
 i - 3 potions of curing {unknown}


   Skills:
 + Level 2.3 Fighting
 + Level 2.6 Short Blades
 + Level 2.2 Throwing
 + Level 1.2 Dodging
 + Level 7.4 Stealth
 + Level 0.1 Shields


You had 3 spell levels left.
You didn't know any spells.
Your spell library was empty.

Dungeon Overview and Level Annotations

Branches:
Dungeon (2/15)

Altars:


Innate Abilities, Weirdness & Mutations

You cannot wear most types of armour.
You are amphibious.
You can wear up to eight rings at the same time.
Your skin changes colour to match your surroundings (Stealth+).
Your rubbery body absorbs attacks. (AC +1, EV +1)
((You are camouflaged when in or above water. (Stealth+)))
You have tentacles for arms and can constrict up to eight enemies at once.


Message History

The jackal barks! x2; The adder hisses angrily.
You hit the adder. You grab the adder.
The adder is moderately wounded.
You constrict the adder. The adder barely misses you. x2
An endoplasm comes into view.
You release your grip on the adder.
The jackal closely misses you. The jackal attacks as you move away!
You block the jackal's attack. The adder attacks as you move away!
The adder bites you. x2
You are poisoned.
The adder poisons you!
You feel sick.
You closely miss the adder. Your grab misses the adder.
The adder is severely wounded.
You feel sick. The adder barely misses you. The adder bites you.
You are more poisoned.
The adder poisons you!
You hit the adder. Your grab misses the adder. Your squeeze misses the adder.
The adder is almost dead.
You feel very sick. The adder bites you. You block the adder's attack.
You hit the adder.
You kill the adder!
You feel sick. The jackal bites you.
* * * LOW HITPOINT WARNING * * *
You have reached level 4!
You hit the jackal. You grab the jackal. You tentacle-slap the jackal.
The jackal is almost dead.
You constrict the jackal.
You kill the jackal!
* * * LOW HITPOINT WARNING * * *
You feel sick. The jackal barely misses you.
You hit the jackal. Your grab misses the jackal. You squeeze the jackal.
You kill the jackal!
* * * LOW HITPOINT WARNING * * *
You feel sick. The jackal bites you.
* * * LOW HITPOINT WARNING * * *
You hit the jackal. You grab the jackal.
The jackal is severely wounded.
You constrict the jackal.
You die...

#.....# .......###..# ##+####
........#...# # ####........#
###### <...#....... .....#
###......#..... ####.#
#.....####..... # #.# #.....#
#####' #
#.##############.....# #. #
#>...........@hJ.....+........
###############......########.
#......# #. ##........ ..
#........ .. #........ [.
#........ ... ######... ...


You could see an endoplasm and a jackal.

Vanquished Creatures
  2 adders (D:2)
  A worm (D:2)
  2 bats (D:1)
  5 endoplasms (D:1)
  A giant cockroach (D:1)
  7 goblins
  2 hobgoblins
  10 jackals
  A kobold (D:1)
  4 ball pythons
  2 frilled lizards
  A rat (D:1)
38 creatures vanquished.

Notes
Turn   | Place    | Note
-------+----------+-------------------------------------------
     0 | D:1      | Kazon the Octopode Brigand began the quest for the Orb.
     0 | D:1      | Reached XP level 1. HP: 14/14 MP: 1/1
    37 | D:1      | Identified a scroll of acquirement
    37 | D:1      | Acquired a manual of Stealth
   123 | D:1      | Reached XP level 2. HP: 8/19 MP: 2/2
   125 | D:1      | Reached skill level 6 in Stealth
   393 | D:1      | Reached XP level 3. HP: 24/24 MP: 3/3
   843 | D:2      | Reached skill level 7 in Stealth
  1004 | D:2      | Reached XP level 4. HP: 5/29 MP: 4/4
  1005 | D:2      | HP: 1/29 [jackal (2)]
  1006 | D:2      | Succumbed to an adder's poison

Illustrated notes

Levels and vault maps discovered:
D:1:      ebering_trefoil_3fold, layout_basic, st_stairs_14, serial_bayou_ford_a
D:2:      layout_basic, hangedman_decor_growths, minmay_close_crescents

Skill      XL: |  1  2  3 |
---------------+----------+-----
Stealth        | 6 7 |  7.4
Fighting       | |  2.3
Short Blades   | |  2.6
Throwing       | |  2.2
Dodging        | |  1.2
Shields        | |  0.1

Action                     |  1- 3 |  4- 6 || total
---------------------------+-------+-------++-------
  Melee: Dagger            |    60 |     3 ||    63
         Constrict         |    15 |     2 ||    17
         Tentacles         |     6 |     1 ||     7
         Punch             |       |     1 ||     1
  Throw: Dart              |    11 |       ||    11
    Use: Scroll            |     1 |       ||     1
   Stab: Sleeping          |     9 |       ||     9
 Armour: Skin              |     8 |       ||     8
  Dodge: Dodged            |    17 |     1 ||    18
  Block: Tower shield      |    16 |       ||    16
